 Dungeon Crawl Stone Soup version 0.26-a0-572-g753d7e3450 (webtiles) character file.

Game seed: 1219338543627565029

21 MrRokkomies the Skirmisher (level 2, -17/27 HPs)
             Began as a Palentonga Fighter on Aug 21, 2020.
             Demolished by a kobold
             ... wielding a +1 whip of electrocution
              (20 damage)
             ... on level 1 of the Dungeon.
             The game lasted 00:01:15 (967 turns).

MrRokkomies the Skirmisher (Palentonga Fighter)      Turns: 967, Time: 00:01:16

Health: -17/27     AC:  6    Str: 19    XL:     2   Next: 62%
Magic:  2/2        EV:  5    Int:  8    God:
Gold:   51         SH:  8    Dex:  9    Spells: 1/1 levels left

rFire    . . .     SeeInvis +   a - +0 war axe
rCold    . . .     Faith    .   c - +0 kite shield
rNeg     . . .     Spirit   .   b - +0 scale mail
rPois    .         Reflect  .   (no helmet)
rElec    .         Harm     .   (no cloak)
rCorr    .                      (no gloves)
MR       .....                  (no barding)
Stlth    ..........             l - amulet of inaccuracy (curse)
HPRegen  0.09/turn              (no ring)
MPRegen  0.08/turn              (no ring)

@: no status effects
A: large, rugged brown scales 3, see invisible, deformed body, roll, armoured
tail
a: Rolling Charge


You were on level 1 of the Dungeon.
You visited 1 branch of the dungeon, and saw 1 of its levels.

You collected 51 gold pieces.

Inventory:

Hand Weapons
 a - a +0 war axe (weapon)
Missiles
 i - 16 poisoned darts (quivered)
Armour
 b - a +0 scale mail (worn)
 c - a +0 kite shield (worn)
Jewellery
 l - a cursed amulet of inaccuracy (around neck)
Scrolls
 e - a scroll of teleportation
 j - a scroll of amnesia
Potions
 d - 2 potions of might
 f - a potion of curing {unknown}
 g - a potion of brilliance {unknown}
 h - a potion of stabbing {unknown}


   Skills:
 * Level 3.4 Fighting
 * Level 2.5 Axes
 + Level 2.6 Armour
 - Level 2.4 Shields


You had one spell level left.
You didn't know any spells.
Your spell library was empty.

Dungeon Overview and Level Annotations

Branches:
Dungeon (1/15)

Altars:


Innate Abilities, Weirdness & Mutations

You are completely covered in rugged brown scales. (AC +3, +7% HP)
You have supernaturally acute eyesight. (SInv)
Armour fits poorly on your strangely shaped body.
You can roll at foes to attack.
You have a long armoured tail.


Message History

You kill the goblin!
No target in view!
No target in view!
A kobold comes into view.
It is wielding a +1 whip of electrocution.
The kobold shouts!
You see here 14 gold pieces.
Roll where?
Press: ? - help, Dir - move target cursor, f - kobold
Aim: a kobold, wielding a +1 whip of electrocution You roll forward with a clatter of scales!
You closely miss the kobold.
The kobold hits you with a +1 whip of electrocution.
You are electrocuted!!
Ouch! That really hurt!
* * * LOW HITPOINT WARNING * * *
The kobold hits you with a +1 whip of electrocution.
* * * LOW HITPOINT WARNING * * *
You are electrocuted!!
Ouch! That really hurt!
You die...

..#.........#......#....###.###.#
..#.#######.#..#####....).#.#.#.#
..#.....# #.#...........#.#...#.#
..#.....# #.##.#####.#..#.....#.#
..#.....# #.##.#####.#..#.#####.#
###.....# #.##.#.☼...............
........# #.##.#☼###.#.##.##.....
####....###.##.#○# #.#....##.....
#.....'...##.#@# #.#'#####.....
#.....######.#K# #.............
#....(#...##.#.# #.............
###.....#†..##.#.# #.............
........'....#.#.# #.............
###.#####....#.#.# #.############
#.....+.>..#.#.# #.#
#########....#.#.# #.# # .<#
##+#.#,*,* #.############


You could see a kobold.

Vanquished Creatures
  A leopard gecko (D:1)
  4 goblins (D:1)
  A hobgoblin (D:1)
  4 kobolds (D:1)
  6 bats (D:1)
  3 rats (D:1)
19 creatures vanquished.

Notes
Turn   | Place    | Note
-------+----------+-------------------------------------------
     0 | D:1      | MrRokkomies the Palentonga Fighter began the quest for the
                  | Orb.
     0 | D:1      | Reached XP level 1. HP: 20/20 MP: 1/1
   254 | D:1      | Reached XP level 2. HP: 24/27 MP: 2/2
   967 | D:1      | Demolished by a kobold

Illustrated notes

Levels and vault maps discovered:
D:1:      sevenhm_arrival_forest_fort_small_3, layout_basic

Action                   || total
-------------------------++-------
Melee: War axe           ||    55
       Tailslap          ||     5
 Abil: Rolling Charge    ||     3
  Use: Scroll            ||     5
Armor: Scale mail        ||    38
Dodge: Dodged            ||    21
Block: Kite shield       ||    29

Table legend: (Time is in decaauts)
 A = Elapsed time spent in this place.
 B = Non-inter-level travel time spent in this place.
 C = Inter-level travel time spent in this place.
 D = Time resting spent in this place.
 E = Time spent auto-exploring this place.
 F = Levels seen in this place.
 G = Mean time per level.
                   A        B        C        D        E       F      G
               +--------+--------+--------+--------+--------+-----+--------+
         Total |    992 |    992 |      0 |      0 |    821 |   1 |  992.0 |
       Dungeon |    992 |    992 |      0 |      0 |    821 |   1 |  992.0 |
               +--------+--------+--------+--------+--------+-----+--------+

Top non-repeatable levels by time:
     D:1: 992 daAuts
